 Dungeon Crawl Stone Soup version 0.30.0-5-g1a98f26d00 (webtiles) character file.

Game seed: 8948376497831512661

39 Leibowitz the Covered (level 3, 0/33 HPs)
             Began as a Minotaur Fighter on May 9, 2023.
             Shot with a sling bullet by a goblin (4 damage)
             ... on level 2 of the Dungeon.
             The game lasted 00:03:04 (878 turns).

Leibowitz the Covered (Minotaur Fighter)             Turns: 878, Time: 00:03:04

Health: 0/33       AC:  7    Str: 22    XL:     3   Next: 28%
Magic:  2/2        EV:  9    Int:  5    God:
Gold:   93         SH:  4    Dex:  9    Spells: 2/2 levels left

rFire   . . .        a - +0 war axe
rCold   . . .        c - +0 buckler
rNeg    . . .        b - +0 scale mail
rPois   .            (helmet restricted)
rElec   .            (no cloak)
rCorr   .            (no gloves)
SInv    .            (no boots)
Will    .....        (no amulet) Stlth
                     (no ring)
HPRegen 0.25/turn    (no ring)
MPRegen 0.08/turn

%: no passive effects
@: no status effects
A: horns 2, retaliatory headbutt
a: no special abilities


You were on level 2 of the Dungeon.
You visited 1 branch of the dungeon, and saw 2 of its levels.

You collected 93 gold pieces.

Inventory:

Hand Weapons
 a - a +0 war axe (weapon)
Armour
 b - a +0 scale mail (worn)
 c - a +0 buckler (worn)
Scrolls
 e - a scroll of teleportation {unknown}
 k - a scroll of identify {unknown}
Potions
 d - a potion of might
 f - 2 potions of ambrosia {unknown}
 g - a potion of brilliance {unknown}
 h - a potion of resistance {unknown}
 i - 2 potions of attraction {unknown}
 j - a potion of berserk rage {unknown}
 l - a potion of curing {unknown}


   Skills:
 * Level 4.0 Fighting
 * Level 3.1 Axes
 * Level 4.1 Armour
 * Level 0.9 Dodging
 * Level 3.9 Shields


You had 2 spell levels left.
You didn't know any spells.
Your spell library contained the following spells:

 Spells                   Type           Power      Damage    Failure   Level
 Passwall                 Tmut/Erth      0%         N/A       94%         2
 Iskenderun's Battlesphe  Conj           0%         2d6       100%        5
 Iron Shot                Conj/Erth      0%         9d1       100%        6


Dungeon Overview and Level Annotations

Branches:
Dungeon (2/15)

Altars:

Annotations:
D:2 Robin


Innate Abilities, Weirdness & Mutations

You have a pair of horns on your head.
You reflexively headbutt those who attack you in melee.


Message History

The ball python constricts you.
You barely miss the ball python. The ball python bites you.
The ball python constricts you. You block the ball python's attack.
The ball python constricts you.
You closely miss the ball python.
The ball python bites you but does no damage.
The ball python constricts you.
You slash the ball python!
You kill the ball python!
You miss the goblin. Your headbutt misses the goblin.
You barely miss the goblin. You block the goblin's attack.
The goblin hits you but does no damage.
You hit the goblin.
You kill the goblin!
You closely miss the goblin. The goblin hits you but does no damage.
You slash the goblin!
You kill the goblin!
The goblin shoots a sling bullet.
The sling bullet misses you.
The goblin shoots a sling bullet.
The sling bullet hits you.
* * * LOW HITPOINT WARNING * * *
Found 7 gold pieces.
The goblin shoots a sling bullet.
The sling bullet hits you.
* * * LOW HITPOINT WARNING * * *
A frilled lizard comes into view.
Found 8 gold pieces.
The frilled lizard hisses angrily.
The goblin shoots a sling bullet.
The sling bullet closely misses you.
You hear a shout!
A worm comes into view.
The frilled lizard bites you but does no damage.
You miss the frilled lizard. You headbutt the frilled lizard.
You kill the frilled lizard!
A frilled lizard comes into view.
The frilled lizard hisses angrily.
You see here a frilled lizard corpse.
Found a smoky puce potion.
The goblin shoots a sling bullet.
The sling bullet hits you.
* * * LOW HITPOINT WARNING * * *
The goblin shoots a sling bullet.
The sling bullet hits you.
You die...

.........#
..........#
...!......# #####
#.........####$..##
..........))##.g..#
..........#g...#..#
..........####.#..##
.........w# #g##†.#
......g)..# #..@..#
#.......g## ###..$.#
##..g.g.## ###..w...
!..#g.gg.# l#..##
....g.....# ..#...
...........# #.#.#..
.g.........# .. .#.
............ !.. .
........:S.##


You could see a worm, a goblin and a frilled lizard.

Vanquished Creatures
  A worm (D:2)
  2 ball pythons
  2 bats (D:1)
  An endoplasm (D:1)
  A giant cockroach (D:1)
  10 goblins
  4 hobgoblins
  3 frilled lizards
  5 kobolds (D:1)
  3 rats (D:1)
32 creatures vanquished.

Notes
Turn   | Place    | Note
-------+----------+-------------------------------------------
     0 | D:1      | Leibowitz the Minotaur Fighter began the quest for the Orb.
     0 | D:1      | Reached XP level 1. HP: 19/19 MP: 0/0
     4 | D:1      | Got the Tome of the Cwm and Fulmination
   205 | D:1      | Reached XP level 2. HP: 23/27 MP: 1/1
   841 | D:2      | Noticed Robin
   857 | D:2      | Reached XP level 3. HP: 16/33 MP: 2/2
   878 | D:2      | Shot with a sling bullet by a goblin

Illustrated notes

Levels and vault maps discovered:
D:1:      lemuel_arrival_muddy, layout_basic
D:2:      layout_rooms, uniq_robin

Skill      XL: |  1  2  3 |
---------------+----------+-----
Armour         | 4 |  4.1
Fighting       | 4 |  4.0
Axes           | 3 |  3.1
Dodging        | |  0.9
Shields        | |  3.9

Action                     || total
---------------------------++-------
  Melee: War axe           ||    61
         Headbutt          ||    10
 Armour: Scale mail        ||    26
  Dodge: Dodged            ||    31
  Block: Buckler           ||    15
